 Dungeon Crawl Stone Soup version 0.29.1-12-g30fa7ad0bf (webtiles) character file.

Game seed: 13995806304008698818

78 Gabide the Trooper (level 4, -5/38 HPs)
             Began as a Formicid Berserker on Dec 19, 2022.
             Was a Follower of Trog.
             Shot with an arrow by a centaur (8 damage)
             ... on level 3 of the Dungeon.
             The game lasted 00:03:08 (2659 turns).

Gabide the Trooper (Formicid Berserker)             Turns: 2659, Time: 00:03:09

Health: -5/38      AC:  8    Str: 23    XL:     4   Next: 61%
Magic:  4/4        EV: 11    Int: 13    God:    Trog [*.....]
Gold:   141        SH:  0    Dex: 13    Spells: 3/3 levels left

rFire   . . .      SeeInvis +   b - +2 dagger (drain)
rCold   . . .      Faith    .   (no shield)
rNeg    . . .      Spirit   .   d - +0 ring mail
rPois   .          Reflect  .   (helmet unavailable)
rElec   .          Harm     .   c - +1 cloak
rCorr   .          Rampage  .   (no gloves)
Will    .....                   o - +0 pair of boots
Stlth   +.........              (no amulet)
HPRegen 0.12/turn               h - +6 ring of intelligence
MPRegen 0.09/turn               (no ring)

@: no status effects
A: permanent stasis, dig shafts and tunnels, antennae 3, four strong arms
a: Dig, Shaft Self, Renounce Religion


You were on level 3 of the Dungeon.
You worshipped Trog.
Trog was aware of your devotion.
You visited 1 branch of the dungeon, and saw 3 of its levels.

You collected 141 gold pieces.

Inventory:

Hand Weapons
 a - a +0 mace
 b - a +2 dagger of draining (weapon)
Armour
 c - a +1 cloak (worn)
 d - a +0 ring mail (worn)
 o - a +0 pair of boots (worn)
Jewellery
 h - a +6 ring of intelligence (left hand)
Scrolls
 e - a scroll of amnesia {unknown}
 f - a scroll of immolation {unknown}
 g - a scroll of poison {unknown}
 l - a scroll of butterflies {unknown}
 m - a scroll of identify {unknown}
 n - a scroll of teleportation {unknown}
 p - a scroll of fear {unknown}
Potions
 i - a potion of flight


   Skills:
 * Level 4.3 Fighting
 * Level 3.9 Maces & Flails
 - Level 2.1 Armour
 + Level 2.3 Dodging


You had 3 spell levels left.
You didn't know any spells.
Your spell library was empty.

Dungeon Overview and Level Annotations

Branches:
Dungeon (3/15)

Altars:
Ru


Innate Abilities, Weirdness & Mutations

You cannot be hasted, slowed, berserked, paralysed or teleported.
You can dig through walls and to a lower floor.
You have a pair of large antennae on your head. (SInv)
Your four strong arms can wield two-handed weapons with a shield.


Message History

You start waiting.
Done waiting.
You start waiting.
Done waiting.
You see here a +0 short sword.
There is a stone staircase leading down here.
You climb downwards.
Found a book of Minor Magic and 8 gold pieces.
Found two stone staircases leading down.
There is a stone staircase leading up here.
You start waiting.
A centaur is nearby!
The centaur shouts!
The centaur shoots an arrow.
The arrow hits you.
You hear a shout! x2
Found 2 yellow potions.
The centaur shoots an arrow.
The arrow hits you.
The centaur shoots an arrow.
The arrow closely misses you.
The orc wizard shouts!
The orc shouts!
You hear a shout!
The orc throws a stone.
The stone hits you but does no damage.
The orc wizard gestures at you while chanting.
You are confused.
The centaur shoots an arrow.
The arrow hits you.
You're too confused to move!
The centaur shoots an arrow.
The arrow hits you.
The orc throws a stone.
The stone hits you but does no damage.
The centaur shoots an arrow.
The arrow hits you!
It was a potion of haste.
Your stasis prevents you from being hasted.
The orc throws a stone.
The stone barely misses you.
The centaur shoots an arrow.
The arrow hits you.
* * * LOW HITPOINT WARNING * * *
It was a potion of curing.
You feel better.
The orc wizard gestures at you while chanting.
The magic dart hits you.
The centaur shoots an arrow.
The arrow hits you.
* * * LOW HITPOINT WARNING * * *
The centaur shoots an arrow.
The arrow closely misses you.
The centaur shoots an arrow.
The arrow hits you.
* * * LOW HITPOINT WARNING * * *
The orc throws a stone.
The stone hits you but does no damage.
The centaur shoots an arrow.
The arrow hits you!
You die...

>..... ......#####
#.........#####
......#.......#
#.......>........ .#
.......#...# ..... .#
#.........:# .....###.##
#......<@..##.....#....#
#..$...................#
##########..co.........#
.o........>.#.#
......$......#.#
##.#.......##...# ..
..##### #.{.# .# !..
#S..# .# .#.. #o###


You could see a centaur, an orc wizard and an orc.

Vanquished Creatures
  4 adders (D:2)
  A worm (D:2)
  A dart slug (D:1)
  An orc (D:2)
  2 bats
  3 endoplasms
  3 hobgoblins
  2 jackals (D:2)
  4 kobolds
  A quokka (D:1)
  5 ball pythons
  2 frilled lizards
  6 goblins
  A rat (D:1)
36 creatures vanquished.

Notes
Turn   | Place    | Note
-------+----------+-------------------------------------------
     0 | D:1      | Gabide the Formicid Berserker began the quest for the Orb.
     0 | D:1      | Reached XP level 1. HP: 18/18 MP: 1/1
   343 | D:1      | Reached XP level 2. HP: 24/24 MP: 2/2
   381 | D:1      | Found a faded altar of an unknown god.
   775 | D:1      | Reached XP level 3. HP: 30/30 MP: 3/3
  1273 | D:2      | Found a sacrificial altar of Ru.
  1295 | D:2      | Reached skill level 4 in Fighting
  1453 | D:2      | Reached XP level 4. HP: 35/37 MP: 4/4
  2002 | D:3      | Noticed a centaur
  2029 | D:2      | HP: 1/37 [orc/+0 short sword (3)]
  2659 | D:3      | Shot with an arrow by a centaur

Illustrated notes

Levels and vault maps discovered:
D:1:      lemuel_arrival_rhombus, layout_basic, chequers_ecumenical_altar_lobes,
          minmay_split_cup_small
D:2:      layout_basic, basic_altar
D:3:      layout_rooms, uniq_jessica

Skill      XL: |  1  2  3 |
---------------+----------+-----
Dodging        | 2 |  2.3
Fighting       | 4 |  4.3
Maces & Flails | |  3.9
Armour         | |  2.1

Action                   |  1- 3 |  4- 6 || total
-------------------------+-------+-------++-------
Melee: Mace              |    13 |       ||    13
       Dagger            |    64 |    35 ||    99
       Punch             |     1 |       ||     1
  Use: Potion            |       |     3 ||     3
Armor: Animal skin       |     1 |       ||     1
       Ring mail         |    24 |    35 ||    59
Dodge: Dodged            |    33 |    28 ||    61
